 Dungeon Crawl Stone Soup version 0.20.1-1-g8b1a95d (webtiles) character file.

67123 Chaoticas the Earth Mage (level 15, -12/86 HPs)
             Began as a Gargoyle Earth Elementalist on July 21, 2017.
             Was the Champion of Dithmenos.
             Mangled by a tyrant leech (25 damage)
             ... on level 1 of the Swamp on July 22, 2017.
             The game lasted 02:10:53 (31752 turns).

Chaoticas the Earth Mage (GrEE)                    Turns: 31752, Time: 02:10:54

Health: -12/86     AC: 18    Str: 12    XL:     15   Next: 22%
Magic:  2/39       EV: 12    Int: 22    God:    Dithmenos [******]
Gold:   1508       SH:  4    Dex: 10    Spells: 11/36 levels left

rFire    . . .     SeeInvis .   z - staff of energy {!a}
rCold    + + .     Gourm    +   Q - +0 buckler
rNeg     + . .     Faith    .   y - +1 robe {rC+}
rPois    ∞         Spirit   .   r - +0 helmet
rElec    +         Reflect  .   m - +0 cloak
rCorr    .         Harm     .   G - +1 pair of gloves
MR       +....                  (no boots)
Stlth    +++.......             s - amulet of the gourmand
Regen    0.3/turn               R - ring of protection from cold
MPRegen  0.3/turn               L - ring of magical power

@: flying, wreathed by umbra
A: big wings, negative energy resistance 1, electricity resistance, unbreathing,
petrification resistance, rot immunity, AC +11
a: Stop Flying, Shadow Step, Shadow Form, Renounce Religion


You were on level 1 of the Swamp.
You worshipped Dithmenos.
Dithmenos was exalted by your worship.
You were completely stuffed.

You visited 4 branches of the dungeon, and saw 20 of its levels.

You collected 1508 gold pieces.

Inventory:

Hand Weapons
 D - the +6 dagger "Goeb" {pierce, rC+ Dex+3}
   (You found it on level 6 of the Lair of Beasts)

   It inflicts extra damage upon your enemies.
   It affects your dexterity (+3).
   It protects you from cold.
 H - a +3 whip of draining
   (You took it off an orc on level 7 of the Dungeon)
Missiles
 b - 323 stones (quivered)
 J - 22 tomahawks
Armour
 m - a +0 cloak (worn)
   (You found it on level 3 of the Dungeon)
 r - a +0 helmet (worn)
   (You found it on level 2 of the Dungeon)
 y - a +1 robe of cold resistance (worn)
   (You took it off Fannar on level 11 of the Dungeon)
 G - a +1 pair of gloves (worn)
   (You found it on level 7 of the Dungeon)
 Q - a +0 buckler (worn)
   (You found it on level 10 of the Dungeon)
Magical Staves
 z - an uncursed staff of energy (weapon) {!a}
   (You found it on level 6 of the Lair of Beasts)
Jewellery
 s - an amulet of the gourmand (around neck)
   (You found it on level 2 of the Dungeon)
 L - a ring of magical power (right hand)
   (You found it on level 7 of the Dungeon)
 R - a ring of protection from cold (left hand)
   (You found it on level 1 of the Lair of Beasts)
Wands
 c - a wand of disintegration (13/24)
   (You found it on level 10 of the Dungeon)
 d - a wand of iceblast (8/15)
   (You found it on level 5 of the Lair of Beasts)
 f - a wand of lightning (12/15)
   (You found it on level 3 of the Dungeon)
 k - a wand of polymorph (7/24)
   (You found it on level 5 of the Dungeon)
 w - a wand of polymorph (10/24)
   (You found it on level 1 of the Swamp)
 B - a wand of enslavement (9/24)
   (You found it on level 4 of the Lair of Beasts)
Scrolls
 a - 4 scrolls of recharging
 e - a scroll of enchant weapon
 h - 9 scrolls of remove curse {@r2}
 i - 2 scrolls of enchant armour
 l - 2 scrolls of fog
 v - 3 scrolls of identify {@r1}
Potions
 n - a potion of ambrosia {unknown}
 o - 9 potions of curing {@q1}
 t - a potion of brilliance
 u - 3 potions of might
 C - 8 potions of lignification {!q}
Books
 p - a book of Debilitation
   (You found it on level 1 of the Swamp)
Comestibles
 g - 8 meat rations
 q - 12 bread rations
 x - 18 royal jellies
 A - 5 fruits
 E - 3 chunks of flesh


   Skills:
 - Level 7.0 Fighting
 - Level 8.9 Maces & Flails
 + Level 0.7 Armour
 + Level 1.6 Dodging
 - Level 2.1 Stealth
 - Level 4.0 Shields
 - Level 11.3 Spellcasting
 * Level 7.7 Conjurations
 - Level 4.8 Charms
 - Level 2.6 Necromancy
   Level 0.7 Transmutations
 * Level 8.5 Ice Magic
 - Level 5.5 Air Magic
 - Level 17.2 Earth Magic


You had 11 spell levels left.
You knew the following spells:

 Your Spells              Type           Power        Failure   Level  Hunger
a - Sandblast             Erth           ######       0%          1    None
b - Stone Arrow           Conj/Erth      ######       1%          3    None
c - Lee's Rapid Deconstr  Erth           ######....   1%          5    None
d - Ozocubu's Armour      Chrm/Ice       #####...     1%          3    None
e - Regeneration          Chrm/Necr      ####......   3%          3    None
f - Freezing Cloud        Conj/Ice/Air   #####.....   38%         6    None
g - Blink                 Tloc           N/A          8%          2    None
A - Shroud of Golubria    Chrm/Tloc      ###.......   3%          2    None


Dungeon Overview and Level Annotations

Branches:
Dungeon (11/15)            Temple (0/1) D:7            Lair (6/6) D:9
  Swamp (1/4) Lair:2        Snake (0/4) Lair:3        Slime (0/5) Lair:6
    Orc (2/2) D:11            Elf (0/3) Orc:2

Altars:
Ashenzari
Cheibriados
Dithmenos
Fedhas
Gozag
Hepliaklqana
Nemelex Xobeh
Ru
Sif Muna
Yredelemnul
Zin
Beogh

Shops:
D:5 *

Annotations:
D:3 exclusion: downstairs
Lair:4 exclusion: 2 oklob plants
Lair:6 exclusion: 4 oklob plants
Orc:2 Dharilos's ghost, journeyman DsBe; baldghoti's ghost, journeyman MiBe


Innate Abilities, Weirdness & Mutations

You are resistant to torment.
Your stone body is resilient. (AC +11)
You are immune to poison.
Your large and strong wings let you fly indefinitely.
You resist negative energy. (rN+)
You are resistant to electric shocks. (rElec)
You can survive without breathing.
You are immune to petrification.
You are immune to rotting.


Message History

You kill the alligator!
Dithmenos accepts your kill.
The spiny frog stings you but does no damage.
A tyrant leech comes into view.
Aim: a spiny frog (umbra)
The stone arrow misses the spiny frog.
The spiny frog barely misses you. You block the alligator's attack.
The alligator barely misses you.
The spiny frog stings you but does no damage.
Aim: a spiny frog (umbra)
The stone arrow hits the spiny frog.
The alligator bites you!
You emit a cloud of dark smoke.
The alligator tail-slaps you!
You emit a cloud of dark smoke.
The spiny frog closely misses you.
Aim: a spiny frog (black smoke, heavily wounded, umbra)
The stone arrow hits the spiny frog.
You kill the spiny frog!
Dithmenos accepts your kill. The alligator closely misses you.
The alligator barely misses you.
The alligator bites you but does no damage.
The alligator tail-slaps you.
Aim: an alligator (black smoke, umbra)
The stone arrow misses the alligator.
The alligator puts on a burst of speed!
Aim: an alligator (black smoke, covering ground quickly, umbra)
The stone arrow hits the alligator.
You block the alligator's attack. The alligator tail-slaps you.
Aim: an alligator (black smoke, lightly wounded, covering ground quickly, umbra)
The stone arrow hits the alligator.
The alligator bites you! The alligator barely misses you.
Aim: an alligator (black smoke, moderately wounded, covering ground quickly, umbra)
The stone arrow hits the alligator.
Your shadow mimicks your spell!
The shadow shard hits the alligator.
The alligator bites you but does no damage.
The alligator tail-slaps you but does no damage.
The alligator bites you!
* * * LOW HITPOINT WARNING * * *
You emit a cloud of dark smoke.
The alligator barely misses you.
Aim: an alligator (black smoke, severely wounded, covering ground quickly, umbra)
The stone arrow hits the alligator.
The alligator misses you. The alligator barely misses you.
The tyrant leech bites you!!
* * * LOW HITPOINT WARNING * * *
You emit a cloud of dark smoke.
You don't have enough magic to cast that spell.
The alligator barely misses you. The alligator tail-slaps you.
* * * LOW HITPOINT WARNING * * *
As you read the scroll of fear, it crumbles to dust.
You assume a fearsome visage.
The alligator looks frightened!
The tyrant leech resists with some effort.
The tyrant leech misses you. The tyrant leech bites you!!
You die...

♣♣♣♣♣♣ ♣≈≈..♣♣♣.≈≈≈.♣**♣♣≈≈≈.♣
♣♣...≈♣♣♣♣..≈.≈♣♣♣♣.....*♣.≈≈≈♣
§.≈≈≈≈.♣≈≈.≈≈≈.♣♣♣.......♣....♣
≈≈≈≈.......≈≈≈.≈♣≈.≈≈.♣≈.....♣♣ *
........≈..≈≈≈....≈.≈..♣.....♣***
♣...≈.♣....≈≈..≈≈.♣♣≈...≈≈≈,,≈≈,,
♣♣÷.≈≈.♣♣♣≈≈≈≈≈≈≈.♣♣≈....≈.,,≈≈≈≈
*♣≈≈≈≈≈≈♣♣♣..≈≈≈.♣♣*,,....,≈,≈≈≈≈
♣♣.≈≈≈..♣♣♣♣.≈≈.@♣ *,,≈...,,≈≈≈≈≈
≈≈..§≈.♣♣♣.≈≈.§.w♣♣*≈...≈.,,≈≈≈≈,
..≈....♣ ♣≈≈≈.≈≈≈.♣*♣.....,,≈≈≈,,
≈≈.....♣*♣♣≈..≈≈≈.♣♣≈$≈≈.>,≈≈≈,≈≈
≈≈.§..♣♣≈≈♣♣♣♣.≈.§♣§§≈≈≈..,,,,≈≈≈
≈≈≈≈≈.♣**,,**♣♣.§§§§§≈≈≈≈≈,,,,,,≈
≈≈≈≈≈≈,**≈,,**♣♣♣§§§§≈≈≈≈≈,,,≈,,*
,≈≈,,,,≈**,,≈***♣♣t§§≈≈≈≈≈,,*****
,,,,***,,,,,,,,,,§§§..≈≈≈.,******


You could see a tyrant leech.

Vanquished Creatures
  Gastronok (Lair:1)
  An ettin (D:11)
  Fannar (D:11)
  8 hydras
  A ghost crab (Swamp:1)
  3 two-headed ogres
  2 alligators (Swamp:1)
  14 spriggans
  2 orc knights
  A lindwurm (Lair:6)
  2 orc sorcerers (Orc:1)
  3 cyclopes
  20 elephants
  5 black mambas
  12 spiny frogs
  2 rime drakes
  6 komodo dragons
  A troll (D:11)
  2 slime creatures
  3 tyrant leeches
  A queen bee (Lair:2)
  A polar bear (Lair:6)
  18 blink frogs
  11 hornets
  A bog body (Swamp:1)
  6 dream sheep
  9 hippogriffs
  A redback (D:11)
  A wyvern (Lair:5)
  4 wraiths
  6 basilisks
  40 yaks
  A hungry ghost (D:10)
  A warg (Orc:2)
  7 vampire mosquitoes (Swamp:1)
  4 nagas (Lair:3)
  4 swamp worms
  17 water moccasins
  9 porcupines
  2 sky beasts
  15 orc warriors
  8 black bears
  16 ice beasts
  4 phantoms
  7 ogres
  3 boggarts (Lair:6)
  3 necrophages
  16 wolves
  6 centaurs
  13 crocodiles
  12 bullfrogs
  3 scorpions
  31 killer bees
  5 wights
  8 howler monkeys
  5 electric eels (D:9)
  3 bullfrog zombies
  6 crimson imps
  3 hounds
  3 quasits
  2 centaur skeletons
  11 orc priests
  2 jellies
  2 bullfrog skeletons
  4 iguanas
  11 orc wizards
  9 worker ants
  2 hound skeletons
  2 worker ant zombies
  A howler monkey skeleton (D:10)
  7 gnolls
  6 adders
  A shadow imp (D:5)
  2 oozes
  2 adder zombies (D:7)
  4 adder skeletons
  2 dart slugs
  4 leopard geckos
  77 orcs
  4 giant cockroaches
  2 gnoll zombies (D:9)
  7 goblins
  8 hobgoblins
  8 jackals
  7 kobolds
  7 quokkas
  A ball python (D:3)
  12 bats
  5 frilled lizards
  A jackal zombie (D:8)
  A leopard gecko skeleton (D:7)
  A leopard gecko zombie (D:5)
  3 quokka skeletons
  4 rats
626 creatures vanquished.

Vanquished Creatures (others)
  24 fungi
  2 plants (Lair:6)
26 creatures vanquished.

Grand Total: 652 creatures vanquished

Notes
Turn   | Place    | Note
-------+----------+-------------------------------------------
     0 | D:1      | Chaoticas the Gargoyle Earth Elementalist began the quest for the Orb.
     0 | D:1      | Reached XP level 1. HP: 10/10 MP: 3/3
   102 | D:1      | Reached skill level 4 in Earth Magic
   140 | D:1      | Reached XP level 2. HP: 15/15 MP: 3/5
   811 | D:1      | Reached XP level 3. HP: 19/19 MP: 6/6
  1347 | D:2      | Found a blossoming altar of Fedhas.
  1436 | D:2      | Learned a level 3 spell: Stone Arrow
  1488 | D:2      | Found a shattered altar of Ashenzari.
  1791 | D:2      | Reached XP level 4. HP: 24/24 MP: 8/8
  1914 | D:3      | Reached skill level 5 in Earth Magic
  2240 | D:3      | Found a snail-covered altar of Cheibriados.
  2486 | D:3      | Found a sacrificial altar of Ru.
  2685 | D:3      | Reached XP level 5. HP: 25/28 MP: 5/10
  2994 | D:4      | Found a shadowy altar of Dithmenos.
  2998 | D:4      | Reached skill level 6 in Earth Magic
  3026 | D:4      | Became a worshipper of Dithmenos the Shadowed
  3303 | D:4      | Found an opulent altar of Gozag.
  3652 | D:4      | Noticed a phantom
  3659 | D:4      | Killed a phantom
  3659 | D:4      | Reached XP level 6. HP: 32/32 MP: 5/12
  3779 | D:4      | Reached skill level 7 in Earth Magic
  3967 | D:5      | Entered Level 5 of the Dungeon
  4167 | D:5      | Reached XP level 7. HP: 31/36 MP: 7/13
  4190 | D:5      | Got a jewelled trident
  4192 | D:5      | Identified the cursed +0 trident "Yfoapnea" {pierce, rElec Str+2 Dex-5} (You found it on level 5 of the Dungeon)
  4356 | D:5      | Reached skill level 8 in Earth Magic
  4862 | D:5      | Learned a level 5 spell: Lee's Rapid Deconstruction
  4981 | D:5      | Reached * piety under Dithmenos
  5077 | D:5      | Found Roleruciha's General Store.
  5111 | D:5      | Found a sparkling altar of Nemelex Xobeh.
  5302 | D:6      | Reached skill level 1 in Fighting
  5302 | D:6      | Reached skill level 5 in Spellcasting
  5367 | D:6      | Found a glowing silver altar of Zin.
  5367 | D:6      | Noticed an angel
  5779 | D:5      | Reached skill level 9 in Earth Magic
  5779 | D:5      | Reached XP level 8. HP: 26/44 MP: 1/15
  6860 | D:5      | Reached skill level 10 in Earth Magic
  7350 | D:5      | Reached XP level 9. HP: 29/52 MP: 1/18
  8198 | D:7      | Reached skill level 11 in Earth Magic
  8309 | D:7      | Reached ** piety under Dithmenos
  8842 | D:7      | Found a staircase to the Ecumenical Temple.
  9216 | D:7      | Reached skill level 5 in Fighting
  9220 | D:7      | Learned a level 2 spell: Shroud of Golubria
  9224 | D:7      | Learned a level 3 spell: Regeneration
  9449 | D:8      | Found a deep blue altar of Sif Muna.
  9464 | D:8      | Reached skill level 1 in Charms
  9557 | D:8      | Noticed a two-headed ogre
  9563 | D:8      | Killed a two-headed ogre
  9563 | D:8      | Reached skill level 12 in Earth Magic
  9563 | D:8      | Reached XP level 10. HP: 41/59 MP: 14/20
 10296 | D:8      | Reached *** piety under Dithmenos
 10389 | D:9      | Noticed a two-headed ogre
 10582 | D:8      | Killed a two-headed ogre
 10699 | D:9      | Found a hazy altar of Hepliaklqana.
 11216 | D:9      | Reached skill level 13 in Earth Magic
 11506 | D:9      | Reached skill level 1 in Necromancy
 11566 | D:9      | Found a staircase to the Lair.
 11833 | D:9      | Reached XP level 11. HP: 37/66 MP: 13/22
 12139 | D:9      | Found a basalt altar of Yredelemnul.
 12449 | D:10     | Entered Level 10 of the Dungeon
 12600 | D:10     | Noticed a cyclops
 12764 | D:10     | Killed a cyclops
 13393 | D:10     | Reached skill level 14 in Earth Magic
 13393 | D:10     | Reached skill level 1 in Maces & Flails
 13519 | D:10     | Reached **** piety under Dithmenos
 14270 | Lair:1   | Entered Level 1 of the Lair of Beasts
 14990 | Lair:1   | Noticed Gastronok
 15004 | Lair:1   | Killed Gastronok
 15004 | Lair:1   | Reached skill level 15 in Earth Magic
 15353 | Lair:2   | Reached skill level 1 in Shields
 15506 | Lair:2   | Reached XP level 12. HP: 40/72 MP: 18/24
 15764 | Lair:1   | Learned a level 3 spell: Ozocubu's Armour
 16811 | Lair:2   | Noticed an eight-headed hydra
 16833 | Lair:2   | Killed an eight-headed hydra
 17424 | Lair:2   | Reached ***** piety under Dithmenos
 17424 | Lair:2   | Reached skill level 5 in Maces & Flails
 17446 | Lair:2   | Reached skill level 16 in Earth Magic
 17831 | Lair:2   | Found a staircase to the Swamp.
 18443 | Lair:3   | Found a staircase to the Snake Pit.
 18514 | Lair:3   | Noticed a six-headed hydra
 18533 | Lair:3   | Killed a six-headed hydra
 18765 | Lair:4   | Noticed a four-headed hydra
 18773 | Lair:4   | Killed a four-headed hydra
 18773 | Lair:4   | Reached skill level 10 in Spellcasting
 18773 | Lair:4   | Reached XP level 13. HP: 69/76 MP: 19/27
 19527 | Lair:4   | Noticed a fire dragon
 19694 | Lair:4   | Reached skill level 17 in Earth Magic
 20108 | Lair:5   | Identified Sif Muna's Tome of the Snowflakes
 20120 | Lair:5   | Learned a level 6 spell: Freezing Cloud
 20241 | Lair:5   | Reached skill level 1 in Ice Magic
 20322 | Lair:5   | Reached skill level 1 in Conjurations
 20627 | Lair:5   | Got a steaming flail
 20635 | Lair:5   | Identified the +8 flail "Utwyez" {holy, *Slow Str+7 Dex+3} (You found it on level 5 of the Lair of Beasts)
 20952 | Lair:6   | Entered Level 6 of the Lair of Beasts
 21718 | Lair:5   | Reached ****** piety under Dithmenos
 22319 | Lair:5   | Reached skill level 5 in Conjurations
 22445 | Lair:6   | Gained mutation: Your large and strong wings let you fly indefinitely. [Gargoyle growth]
 22445 | Lair:6   | Reached XP level 14. HP: 78/82 MP: 24/28
 22715 | Lair:6   | Reached skill level 5 in Ice Magic
 23112 | Lair:6   | Reached skill level 1 in Air Magic
 24025 | Lair:6   | Got an ancient dagger
 24026 | Lair:6   | Identified the +6 dagger "Goeb" {pierce, rC+ Dex+3} (You found it on level 6 of the Lair of Beasts)
 25218 | Lair:6   | Found a staircase to the Slime Pits.
 26796 | D:11     | Found a roughly hewn altar of Beogh.
 26796 | D:11     | Found a staircase to the Orcish Mines.
 27087 | D:11     | Learned a level 2 spell: Blink
 27320 | D:11     | Noticed a tengu reaver
 28381 | D:11     | Reached skill level 5 in Air Magic
 28462 | Orc:1    | Entered Level 1 of the Orcish Mines
 28462 | Orc:1    | Noticed Fannar
 28801 | D:11     | Killed Fannar
 29173 | Orc:2    | Entered Level 2 of the Orcish Mines
 29180 | Orc:2    | Noticed baldghoti's ghost (journeyman MiBe)
 29550 | Orc:2    | Noticed Dharilos's ghost (journeyman DsBe)
 30331 | Swamp:1  | Entered Level 1 of the Swamp
 30550 | Swamp:1  | Reached XP level 15. HP: 86/86 MP: 30/30
 31003 | Swamp:1  | HP: 3/86 [spriggan rider/spear (13)]
 31752 | Swamp:1  | Mangled by a tyrant leech

Skill      XL: |  1  2  3  4  5  6  7  8  9 10 11 12 13 14 15 |
---------------+----------------------------------------------+-----
Earth Magic    | 4 5 6 7 9 10 12 13 15 16 17 | 17.2
Spellcasting   | 3 4 5 6 7 8 10 11 | 11.3
Fighting       | 1 4 5 6 7 |  7.0
Charms         | 2 4 |  4.8
Necromancy     | 1 2 |  2.6
Maces & Flails | 3 6 7 8 |  8.9
Shields        | 1 4 |  4.0
Ice Magic      | 4 7 8 |  8.5
Conjurations   | 5 6 7 |  7.7
Air Magic      | 5 |  5.5
Armour         | |  0.7
Dodging        | |  1.6
Stealth        | |  2.1
Transmutations | |  0.7

Action                   |  1- 3 |  4- 6 |  7- 9 | 10-12 | 13-15 || total
-------------------------+-------+-------+-------+-------+-------++-------
Melee: Whip              |    70 |    91 |   150 |   274 |   185 ||   770
       Morningstar       |       |       |    33 |       |       ||    33
 Cast: Sandblast         |    39 |    61 |     8 |    23 |    10 ||   141
       Stone Arrow       |       |       |   129 |   270 |   567 ||   966
       Lee's Rapid Decon |       |       |     4 |    49 |    30 ||    83
       Shroud of Golubri |       |       |       |     1 |     1 ||     2
       Ozocubu's Armour  |       |       |       |       |     4 ||     4
       Regeneration      |       |       |       |       |     4 ||     4
 Abil: Fly               |       |       |       |       |     1 ||     1
Evoke: Wand              |       |       |     1 |     1 |       ||     2
  Use: Scroll            |       |     7 |     5 |    13 |    25 ||    50
       Potion            |       |       |       |     3 |     8 ||    11
 Stab: Sleeping          |     1 |       |     2 |       |       ||     3
       Distracted        |       |       |       |     1 |       ||     1
  Eat: Chunk             |     3 |    16 |    25 |    40 |    46 ||   130
       Fruit             |       |       |       |     6 |       ||     6
       Royal jelly       |       |       |       |     1 |       ||     1
Armor: Robe              |    44 |    51 |    86 |   166 |   201 ||   548
       Troll leather arm |       |       |       |       |     6 ||     6
Dodge: Dodged            |    73 |    86 |   186 |   333 |   325 ||  1003
Block: Buckler           |       |       |       |    25 |    89 ||   114
